 Dungeon Crawl Stone Soup version 0.26.1-2-gb8aa6d0cf2 (webtiles) character file.

Game seed: 8048734418182718416

234007 dohliylev the Hoplite (level 18, -7/180 HPs)
             Began as a Minotaur Berserker on Mar 27, 2021.
             Was a High Priest of Trog.
             Mangled by a snapping turtle (13 damage)
             ... on level 3 of the Shoals.
             The game lasted 02:23:51 (40391 turns).

dohliylev the Hoplite (Minotaur Berserker)         Turns: 40391, Time: 02:23:52

Health: -7/180     AC: 24    Str: 31    XL:     18   Next: 86%
Magic:  7/17       EV: 12    Int:  8    God:    Trog [*****.]
Gold:   3308       SH: 30    Dex: 13    Spells: 17/17 levels left

rFire    + . .     SeeInvis .   p - +4 broad axe (elec)
rCold    + + .     Faith    .   t - +0 tower shield
rNeg     . . .     Spirit   .   u - +0 gold dragon scales
rPois    +         Reflect  +   s - +0 hat
rElec    +         Harm     .   O - scarf {repulsion}
rCorr    +         Rampage  .   g - +2 pair of gloves {archery}
Will     ++...                  H - +0 pair of boots
Stlth    ..........             i - amulet of reflection
HPRegen  1.40/turn              o - ring "Exiulona" {Will- rCorr Str+4 Int+4}
MPRegen  0.15/turn              a - ring of Ubyc {rElec rPois rC+}

@: about to teleport, regenerating, repel missiles
A: retaliatory headbutt, horns 2
}: 1/15 runes: serpentine
a: Renounce Religion, Berserk, Trog's Hand, Brothers in Arms


You were on level 3 of the Shoals.
You worshipped Trog.
Trog was extremely pleased with you.
You visited 5 branches of the dungeon, and saw 30 of its levels.
You also visited: Sewer, Gauntlet and Volcano.

You collected 4868 gold pieces.
You spent 1560 gold pieces at shops.

Inventory:

Hand Weapons
 p - a +4 broad axe of electrocution (weapon)
 A - a +4 demon trident of electrocution
 E - a +4 war axe of flaming
 G - a +7 antimagic demon trident
 M - the +8 trident of Disgust {holy, rN+}
   (You found it on level 1 of the Shoals)

   It has been blessed by the Shining One to cause great damage to the undead
   and demons.
   It protects you from negative energy.
Armour
 g - a +2 pair of gloves of archery (worn)
 n - +0 steam dragon scales
 s - a +0 hat (worn)
 t - a +0 tower shield (worn)
 u - +0 gold dragon scales (worn)
 y - a +4 troll leather armour {Purgy}
 H - a +0 pair of boots (worn)
 O - a scarf of repulsion (worn)
 P - a +0 buckler of fire resistance
Jewellery
 a - the ring of Ubyc (right hand) {rElec rPois rC+}
   (You found it in a Gauntlet)

   [ring of poison resistance]

   It protects you from cold.
   It insulates you from electricity.
   It protects you from poison.
 i - an amulet of reflection (around neck)
 o - the ring "Exiulona" (left hand) {Will- rCorr Str+4 Int+4}
   (You found it in a Gauntlet)

   [ring of resist corrosion]

   It affects your strength (+4).
   It affects your intelligence (+4).
   It affects your willpower, your defense against some magical effects.
   It provides partial protection from all sources of acid and corrosion.
 v - the ring "Mic Eleri" {Fire rElec rPois Dex+2}
   (You took it off an orc warlord on level 13 of the Dungeon)

   [ring of fire]

   It enhances your fire magic.
   It affects your dexterity (+2).
   It protects you from fire.
   It makes you vulnerable to cold.
   It insulates you from electricity.
   It protects you from poison.
 C - the amulet "Xuadwoi" {Spirit rElec rN+ Str-2}
   (You acquired it on level 1 of the Snake Pit)

   [amulet of guardian spirit]

   It causes incoming damage to be split between your health and magic.
   It affects your strength (-2).
   It insulates you from electricity.
   It protects you from negative energy.
 L - an uncursed ring of poison resistance
 N - a +4 ring of protection
Scrolls
 b - 2 scrolls of blinking
 c - 7 scrolls of teleportation
 e - 5 scrolls of magic mapping
 f - 5 scrolls of fear
 k - 13 scrolls of remove curse
 z - a scroll of acquirement
 D - 5 scrolls of fog
 I - a scroll of holy word
 J - 3 scrolls of identify
 K - 3 scrolls of summoning
Potions
 d - 14 potions of curing
 h - 4 potions of resistance
 j - 5 potions of might
 l - 3 potions of ambrosia
 m - 13 potions of heal wounds
 q - 8 potions of haste
 r - 3 potions of flight
 w - 5 potions of invisibility {unknown}
 x - 6 potions of attraction {unknown}
 B - 5 potions of berserk rage {unknown}
 F - 4 potions of degeneration {unknown}


   Skills:
 + Level 20.6 Fighting
 - Level 13.4(15.0) Axes
 - Level 11.6(14.1) Polearms
 + Level 12.6 Armour
 + Level 14.2 Dodging
 + Level 21.8 Shields


You had 17 spell levels left.
You didn't know any spells.
Your spell library was empty.

Dungeon Overview and Level Annotations

Branches:
Dungeon (15/15)            Temple (0/1) D:5            Lair (6/6) D:10
 Shoals (3/4) Lair:2        Snake (4/4) Lair:3        Slime (0/5) Lair:5
    Orc (2/2) D:9             Elf (0/3) Orc:2        Vaults (0/5) D:13
 Depths (0/5) D:15          Sewer (visited)         Volcano (visited)
Gauntlet (visited)

Altars:
Dithmenos
Hepliaklqana
Kikubaaqudgha
Nemelex Xobeh
Ru
Sif Muna
Trog
Vehumet
Wu Jian
Jiyva

Shops:
D:4 ?   Orc:2 ****((**}   Shoals:1 (   Snake:1 ?   Snake:2 }!   Snake:4 }[

Portals:
Abyss: D:12


Innate Abilities, Weirdness & Mutations

You reflexively headbutt those who attack you in melee.
You have a pair of horns on your head.


Message History

You feel strangely unstable. You block the snapping turtle's attack.
You block the manticore's attack. x2; The manticore claws you.
* * * LOW HITPOINT WARNING * * *
The snapping turtle bites you but does no damage.
The merfolk hits you but does no damage.
The snapping turtle bites you from afar.
* * * LOW HITPOINT WARNING * * *
The merfolk avatar chants a haunting song.
You easily resist.
The alligator snapping turtle closely misses you.
The merfolk closely misses you. You block the snapping turtle's attack.
You block the manticore's attack. The manticore closely misses you.
The manticore barely misses you.
The snapping turtle bites you but does no damage.
You block the snapping turtle's attack.
You block the alligator snapping turtle's attack.
The manticore flicks its tail.
The volley of spikes misses you.
The snapping turtle bites you from afar!
You die...

≈≈≈≈(≈≈≈≈≈≈..≈ ≈≈≈≈≈
≈≈≈≈≈≈≈≈≈≈..≈≈≈≈≈≈≈≈≈.#
≈≈≈≈≈
≈≈≈≈≈≈≈≈≈≈..≈≈≈≈≈≈≈≈≈.#
≈≈≈≈≈
≈≈≈≈≈≈≈≈≈≈≈..≈≈≈≈≈≈≈..###
≈≈≈≈≈
≈≈≈≈≈≈≈)........≈≈≈≈≈...<
≈≈≈≈≈
≈≈≈≈≈≈...........≈≈≈≈≈≈≈.
≈.... ..........≈≈≈≈≈..
..... ..........≈≈≈≈≈$#
#.... ........@≈≈≈≈≈≈.#
####. .......t≈≈≈≈≈≈≈.#
## .......ttHt≈≈≈≈.#### #
..≈≈≈.≈≈m≈t≈≈≈≈≈≈...# #
.≈≈≈≈≈≈≈≈≈...≈≈≈≈≈≈≈.###
≈≈≈≈≈≈m≈≈≈.##.≈≈≈≈≈....##
≈≈≈≈≈≈≈≈†≈.# #≈≈≈≈≈....≈≈
≈≈≈≈≈≈≈≈≈≈.###.≈≈≈≈≈.≈...
≈≈≈≈≈≈≈≈≈)≈....≈≈≈≈≈≈P..P


You could see an alligator snapping turtle, a merfolk avatar, 4 snapping
turtles, a merfolk and a manticore.

Vanquished Creatures
  Vashnia (Snake:3)
  Jorgrun (D:13)
  A kraken (Shoals:1)
  The ghost of vinnietd the Tortoise, an adept HaFi of Trog (Snake:3)
  A sphinx (D:13)
  9 nagarajas
  Kirke (Snake:2)
  A fire giant (D:15)
  The ghost of Ladykiller69 the Severer, a journeyman HOGl of Wu Jian (D:13)
  2 orc warlords
  2 frost giants
  Aizul (Snake:4)
  A very ugly thing (D:13)
  A stone giant (Orc:2)
  The ghost of Nouphe Mafa the Fighter, a journeyman VSTm of Dithmenos (D:13)
  A minotaur (Gauntlet)
  A red draconian (Volcano)
  The ghost of Deukiw the Imperceptible, a journeyman SpEn of Gozag (D:13)
  The ghost of Wemm the Imperceptible, a journeyman SpEn of Gozag (D:13)
  The ghost of Wemm the Imperceptible, a journeyman SpEn of Gozag (D:13)
  The ghost of Leinaam the Severer, a journeyman MiBe of Trog (D:13)
  4 merfolk impalers (Shoals:1)
  A merfolk javelineer (Shoals:1)
  The ghost of Dumidips the Black Belt, a journeyman OpMo of Makhleb (Lair:2)
  A great orb of eyes (D:12)
  The ghost of Ladykiller69 the Cleaver, a journeyman MiGl of Wu Jian (D:12)
  The ghost of kalagan the Destroyer, a journeyman DECj of Sif Muna (Lair:5)
  2 yaktaur captains (D:15)
  Fannar (Lair:3)
  2 boulder beetles
  Harold (D:8)
  3 catoblepae (Lair:6)
  14 hydras
  10 naga warriors
  4 merfolk avatars
  2 merfolk aquamancers
  10 anacondas
  5 centaur warriors
  The ghost of Buchaag the Cleaver, a novice MiMo of Makhleb (D:13)
  2 dancing weapons (D:13)
  An alligator snapping turtle (Shoals:1)
  7 two-headed ogres
  2 tengu warriors
  2 ogre magi
  8 death yaks (Lair:6)
  2 thrashing horrors (Gauntlet)
  4 orc high priests (Orc:2)
  7 shock serpents
  16 naga sharpshooters
  Sonja (D:12)
  A fire crab (Shoals:2)
  A hell knight (D:13)
  A salamander mystic (Snake:3)
  10 sea snakes
  2 skeletal warriors
  3 unseen horrors
  A spectral hydra (Lair:2)
  A lindwurm (Lair:4)
  5 naga ritualists
  6 harpies
  3 orc knights
  5 cyclopes
  4 orc sorcerers (Orc:2)
  4 fauns (Shoals:2)
  9 mana vipers
  17 ugly things
  Maurice (D:9)
  A worldbinder (D:12)
  2 wolf spiders
  14 manticores
  7 salamanders
  3 centaur zombies
  A shining eye (shapeshifter) (D:14)
  4 merfolk sirens
  3 guardian serpents (Snake:4)
  2 water nymphs (Shoals:1)
  26 black mambas
  16 naga magi
  Joseph (D:7)
  2 torpor snails
  3 gargoyles
  8 elephants
  2 molten gargoyles (Volcano)
  12 rime drakes
  15 cane toads
  7 komodo dragons
  A kobold demonologist (D:12)
  An efreet (D:15)
  3 yaktaurs (D:15)
  A tengu conjurer (D:15)
  2 freezing wraiths (D:14)
  The ghost of Alarak the Chopper, an amateur HOMo (D:3)
  A tyrant leech (Gauntlet)
  2 trolls (Orc:2)
  20 merfolk
  A polar bear (Lair:1)
  A queen bee (Lair:4)
  3 meliai (Lair:4)
  A meliai (shapeshifter) (D:13)
  7 wind drakes
  A harpy skeleton (D:14)
  3 hornets
  2 slime creatures
  26 blink frogs
  5 snapping turtles
  A raiju (D:12)
  8 dream sheep
  2 meliai zombies
  A spectral black mamba (Lair:2)
  Sigmund (D:2)
  4 shadows
  7 wyverns
  2 redbacks
  A human (shapeshifter) (D:15)
  62 yaks
  5 hogs (Snake:2)
  9 water elementals
  8 wraiths
  A vampire (D:15)
  5 fire bats
  14 steam dragons
  2 basilisks
  6 vampire mosquitoes
  A death yak simulacrum (Lair:2)
  A catoblepas simulacrum (Lair:2)
  4 swamp worms (Gauntlet)
  32 nagas
  3 wargs
  4 acid dragons
  A soldier ant (D:13)
  A two-headed ogre zombie (D:9)
  18 water moccasins
  2 hydra simulacra (Lair:5)
  Purgy (Sewer)
  An ice beast (D:7)
  2 sky beasts
  24 orc warriors
  An eye of draining (D:13)
  3 black bears
  A necrophage (D:14)
  A black mamba simulacrum (Lair:5)
  11 ogres
  A boggart (D:13)
  4 phantoms
  42 wolves
  3 small abominations (Gauntlet)
  9 centaurs
  A big kobold (D:8)
  27 bullfrogs
  2 wyvern zombies
  A cane toad simulacrum (Lair:2)
  A troll zombie (D:9)
  10 scorpions
  A dream sheep simulacrum (Lair:5)
  40 killer bees
  An elephant simulacrum (Lair:5)
  7 electric eels
  5 wights (D:14)
  A howler monkey (D:6)
  A torpor snail simulacrum (Lair:5)
  5 lava snakes (Volcano)
  3 bullfrog zombies
  A komodo dragon simulacrum (Lair:2)
  5 hounds
  6 jellies
  A bullfrog skeleton (D:6)
  6 centaur skeletons
  A quasit (D:7)
  27 orc priests
  2 iguanas
  29 orc wizards
  13 worker ants
  9 hell rats
  6 ogre zombies (D:9)
  2 hound skeletons
  3 hound zombies
  7 gnolls
  15 adders
  2 river rats (Lair:1)
  2 shadow imps
  5 white imps
  2 ufetubi
  An adder zombie (D:9)
  4 leopard geckos
  84 orcs
  11 giant cockroaches
  6 goblins
  6 hobgoblins
  7 jackals
  6 quokkas
  5 ball pythons
  A ball python skeleton (D:4)
  10 bats
  4 frilled lizards
  2 goblin skeletons (D:9)
  5 goblin zombies (D:9)
  A hobgoblin skeleton (D:9)
  3 hobgoblin zombies (D:9)
  A jackal skeleton (D:6)
  23 kobolds
  A leopard gecko zombie (D:7)
  14 orc zombies (D:9)
  11 rats
  4 tentacles (Shoals:1)
1202 creatures vanquished.

Vanquished Creatures (collateral kills)
  A naga sharpshooter (Snake:3)
  A mana viper (Snake:3)
  3 oklob plants (Lair:4)
  2 fauns (Shoals:2)
  A salamander (Snake:3)
  3 merfolk (Shoals:2)
  2 acid dragons (D:8)
  An orc warrior (Orc:2)
  A jelly (D:8)
  3 orc priests (Orc:2)
  An orc (Orc:2)
19 creatures vanquished.

Vanquished Creatures (others)
  2 nagarajas (Snake:4)
  A naga warrior (Snake:3)
  A naga sharpshooter (Snake:3)
  A mana viper (Snake:4)
  A human (D:2)
  An orc priest (Orc:2)
  41 fungi
  69 plants
  5 tentacles (Shoals:1)
122 creatures vanquished.

Grand Total: 1343 creatures vanquished

Notes
Turn   | Place    | Note
-------+----------+-------------------------------------------
     0 | D:1      | dohliylev the Minotaur Berserker began the quest for the
                  | Orb.
     0 | D:1      | Reached XP level 1. HP: 19/19 MP: 0/0
   295 | D:1      | Reached XP level 2. HP: 27/27 MP: 1/1
  1109 | D:2      | Noticed Sigmund
  1122 | D:2      | Killed Sigmund
  1123 | D:2      | Reached skill level 5 in Fighting
  1123 | D:2      | Reached skill level 5 in Axes
  1123 | D:2      | Reached XP level 3. HP: 36/36 MP: 2/2
  1123 | D:2      | Reached XP level 4. HP: 42/42 MP: 3/3
  1123 | D:2      | Reached XP level 5. HP: 48/48 MP: 4/4
  1124 | D:2      | Reached ** piety under Trog
  1205 | D:2      | Found a bloodstained altar of Trog.
  1206 | D:2      | Found a hazy altar of Hepliaklqana.
  1207 | D:2      | Found a shimmering blue altar of Sif Muna.
  1813 | D:2      | Found an ancient bone altar of Kikubaaqudgha.
  1814 | D:2      | Noticed a human
  1818 | D:2      | Killed a human
  2218 | D:3      | Reached XP level 6. HP: 56/56 MP: 5/5
  2735 | D:3      | Found an ornate altar of the Wu Jian Council.
  2789 | D:3      | Found a runed translucent gate.
  2789 | D:3      | Found a runed translucent gate.
  2790 | D:3      | Found a runed translucent gate.
  2872 | D:3      | Reached *** piety under Trog
  3625 | D:3      | Noticed Alarak's ghost (amateur HOMo)
  3860 | D:4      | Reached XP level 7. HP: 62/62 MP: 6/6
  4115 | D:4      | Found Roxilucs's Magic Scroll Emporium.
  4899 | D:5      | Entered Level 5 of the Dungeon
  4968 | D:5      | Reached skill level 5 in Armour
  5029 | D:5      | Found a glowing drain.
  5075 | Sewer    | Entered a sewer
  5164 | Sewer    | Noticed Purgy
  5169 | Sewer    | Killed Purgy
  5170 | Sewer    | Reached XP level 8. HP: 70/70 MP: 7/7
  5473 | D:5      | Found a staircase to the Ecumenical Temple.
  5828 | D:6      | Reached **** piety under Trog
  5850 | D:6      | Reached skill level 1 in Shields
  6253 | D:6      | Found a radiant altar of Vehumet.
  6281 | D:6      | Found a shadowy altar of Dithmenos.
  6281 | D:6      | Found a sparkling altar of Nemelex Xobeh.
  6294 | D:6      | Reached skill level 2 in Shields
  6527 | D:7      | Reached XP level 9. HP: 79/79 MP: 8/8
  6572 | D:7      | Reached skill level 10 in Axes
  6580 | D:7      | Reached skill level 3 in Shields
  6592 | D:7      | Reached skill level 5 in Dodging
  6665 | D:7      | Noticed Joseph
  6677 | D:7      | Killed Joseph
  6678 | D:7      | Reached skill level 4 in Shields
  7036 | D:8      | Noticed Harold
  7067 | D:8      | Killed Harold
  7068 | D:8      | Reached skill level 5 in Shields
  7112 | D:8      | Found a transporter.
  7125 | D:8      | Reached ***** piety under Trog
  7193 | D:8      | Found a transporter.
  7212 | D:8      | Reached XP level 10. HP: 85/88 MP: 9/9
  7929 | D:9      | Noticed Maurice
  7942 | D:9      | Reached skill level 6 in Shields
  7949 | D:9      | Killed Maurice
  8164 | D:9      | Found a staircase to the Orcish Mines.
  8724 | D:10     | Entered Level 10 of the Dungeon
  8790 | D:10     | Received a gift from Trog
  9026 | D:10     | Noticed a gargoyle
  9031 | D:10     | Killed a gargoyle
  9032 | D:10     | Reached skill level 1 in Polearms
  9535 | D:10     | Found a staircase to the Lair.
  9584 | D:10     | Reached XP level 11. HP: 97/97 MP: 3/10
  9678 | D:11     | Noticed a two-headed ogre
  9691 | D:11     | Killed a two-headed ogre
  9692 | D:11     | Reached skill level 7 in Shields
 10297 | D:11     | Reached skill level 5 in Polearms
 10385 | D:11     | Received a gift from Trog
 10685 | D:12     | Noticed Sonja
 10693 | D:12     | Killed Sonja
 10694 | D:12     | Reached skill level 10 in Fighting
 10812 | D:12     | Noticed a two-headed ogre
 10818 | D:12     | Killed a two-headed ogre
 10903 | D:12     | Found a transporter.
 10912 | D:12     | Found a one-way gate to the infinite horrors of the Abyss.
 10923 | D:12     | Noticed Ladykiller69's ghost (journeyman MiGl)
 10932 | D:12     | Noticed a green ugly thing
 10933 | D:12     | Noticed a brown ugly thing
 10944 | D:12     | Identified the +4 quarterstaff of the Curious Blessings
                  | {distort, *Noise rN++ Str-4 Int+8}
 10944 | D:12     | Noticed a skeletal warrior
 10952 | D:12     | Found a transporter.
 10952 | D:12     | Noticed a great orb of eyes
 11089 | D:12     | Noticed a four-headed hydra
 11102 | D:12     | Killed a four-headed hydra
 11439 | D:13     | Found a huge runed gate.
 11439 | D:13     | Found a huge runed gate.
 11439 | D:13     | Found a huge runed gate.
 11444 | D:13     | Found a huge runed gate.
 11448 | D:13     | Found a huge runed gate.
 11448 | D:13     | Noticed a tengu warrior
 11458 | D:13     | Killed a tengu warrior
 11482 | D:13     | Found a huge runed gate.
 11483 | D:13     | Found a huge runed gate.
 11483 | D:13     | Found a huge runed gate.
 11484 | D:13     | Found a huge runed gate.
 11484 | D:13     | Found a huge runed gate.
 11485 | D:13     | Found a huge runed gate.
 11538 | D:13     | Noticed a +3 long sword
 11562 | D:13     | Reached skill level 8 in Shields
 11562 | D:13     | Reached XP level 12. HP: 60/108 MP: 2/11
 11563 | D:13     | Reached skill level 10 in Polearms
 11738 | D:13     | Found a sacrificial altar of Ru.
 11977 | D:13     | Found a gate to the Vaults.
 12076 | D:13     | Found a huge runed gate.
 12076 | D:13     | Found a huge runed gate.
 12079 | D:13     | Found a huge runed gate.
 12080 | D:13     | Found a huge runed gate.
 12081 | D:13     | Found a huge runed gate.
 12135 | D:13     | Found a huge runed gate.
 12135 | D:13     | Found a huge runed gate.
 12135 | D:13     | Found a huge runed gate.
 12142 | D:13     | Noticed a centaur warrior
 12142 | D:13     | Noticed a sphinx
 12142 | D:13     | Noticed Ladykiller69's ghost (journeyman HOGl)
 12142 | D:13     | Noticed Buchaag's ghost (novice MiMo)
 12142 | D:13     | Noticed Nouphe Mafa's ghost (journeyman VSTm)
 12142 | D:13     | Identified the ring "Mic Eleri" {Fire rElec rPois Dex+2}
 12142 | D:13     | Noticed an orc warlord
 12142 | D:13     | Noticed a frost giant
 12142 | D:13     | Noticed Leinaam's ghost (journeyman MiBe)
 12142 | D:13     | Noticed a brown very ugly thing
 12142 | D:13     | Noticed Wemm's ghost (journeyman SpEn)
 12142 | D:13     | Noticed Deukiw's ghost (journeyman SpEn)
 12142 | D:13     | Noticed Wemm's ghost (journeyman SpEn)
 12265 | Lair:1   | Entered Level 1 of the Lair of Beasts
 12430 | Lair:1   | Noticed a four-headed hydra
 12439 | Lair:1   | Killed a four-headed hydra
 12451 | Lair:1   | Found a dark tunnel.
 12460 | Volcano  | Entered a volcano
 13008 | Volcano  | Found a radiant altar of Vehumet.
 13008 | Volcano  | Noticed a centaur warrior
 13021 | Volcano  | Killed a centaur warrior
 13146 | Volcano  | Received a gift from Trog
 13224 | Volcano  | Noticed a red draconian
 13233 | Volcano  | Killed a red draconian
 13234 | Volcano  | Reached skill level 9 in Shields
 14610 | Lair:2   | Reached XP level 13. HP: 116/119 MP: 4/12
 14626 | Lair:2   | Found a runed translucent gate.
 14626 | Lair:2   | Found a runed translucent gate.
 14626 | Lair:2   | Found a runed translucent gate.
 14627 | Lair:2   | Noticed Dumidips's ghost (journeyman OpMo)
 14770 | Lair:2   | Reached skill level 10 in Shields
 14828 | Lair:2   | Found a staircase to the Shoals.
 14972 | Lair:2   | Received a gift from Trog
 15768 | Lair:3   | Noticed Fannar
 15780 | Lair:3   | Killed Fannar
 16079 | Lair:3   | Reached skill level 11 in Shields
 16085 | Lair:3   | Found a staircase to the Snake Pit.
 16710 | Lair:3   | Reached skill level 10 in Dodging
 17397 | Lair:4   | Reached skill level 12 in Shields
 17490 | Lair:4   | Reached XP level 14. HP: 112/133 MP: 4/13
 17517 | Lair:4   | Received a gift from Trog
 18392 | Lair:5   | Reached skill level 13 in Shields
 18600 | Lair:5   | Reached skill level 15 in Fighting
 18906 | Lair:5   | Noticed kalagan's ghost (journeyman DECj)
 18940 | Lair:5   | Found a runed translucent gate.
 18940 | Lair:5   | Found a runed translucent gate.
 18940 | Lair:5   | Found a runed translucent gate.
 18962 | Lair:5   | Found a staircase to the Slime Pits.
 18963 | Lair:5   | Found a viscous altar of Jiyva.
 19358 | Lair:6   | Entered Level 6 of the Lair of Beasts
 19643 | Lair:6   | Reached skill level 14 in Shields
 20097 | Lair:6   | Received a gift from Trog
 20268 | Lair:6   | Reached XP level 15. HP: 143/143 MP: 4/14
 21892 | D:3      | Killed Alarak's ghost
 22325 | Lair:2   | Killed Dumidips's ghost
 22823 | D:12     | Killed Ladykiller69's ghost
 23040 | D:13     | Killed Buchaag's ghost
 23070 | D:13     | Killed Leinaam's ghost
 23137 | D:13     | Reached skill level 15 in Shields
 23324 | D:13     | Killed Deukiw's ghost
 23335 | D:13     | Killed Ladykiller69's ghost
 23339 | D:13     | Killed a sphinx
 23450 | D:13     | Killed Nouphe Mafa's ghost
 23626 | D:13     | Killed a frost giant
 23730 | D:13     | Killed Wemm's ghost
 23953 | D:13     | Killed an orc warlord
 25117 | Lair:5   | Killed kalagan's ghost
 25160 | Lair:5   | Got the ring of Effuzummu {Fire}
 25326 | Orc:1    | Entered Level 1 of the Orcish Mines
 25355 | D:9      | Identified the ring of Effuzummu {Fire rN+++ Str-5 Dex-5
                  | Stlth+} (You found it on level 5 of the Lair of Beasts)
 25853 | Orc:2    | Entered Level 2 of the Orcish Mines
 25881 | Orc:2    | Found Xovos's General Store.
 25886 | Orc:2    | Found Hioc's Assorted Antiques.
 25891 | Orc:2    | Found Hokera Hapu's General Store.
 26068 | Orc:2    | Found Daacudauff's Gadget Emporium.
 26084 | Orc:2    | Found Jofookha's General Store.
 26089 | Orc:2    | Found a staircase to the Elven Halls.
 26094 | Orc:2    | Found a gate leading to a gauntlet.
 26095 | Orc:2    | Noticed an orc warlord
 26105 | Gauntlet | Entered a Gauntlet
 26105 | Gauntlet | Found a transporter.
 26157 | Gauntlet | Found a transporter.
 26159 | Gauntlet | Found a transporter.
 26162 | Gauntlet | Found a transporter.
 26162 | Gauntlet | Found a transporter.
 26163 | Gauntlet | Found a transporter.
 26169 | Gauntlet | Found a runed translucent gate.
 26170 | Gauntlet | Found a runed translucent gate.
 26171 | Gauntlet | Found a transporter.
 26172 | Gauntlet | Found a transporter.
 26180 | Gauntlet | Found a runed translucent gate.
 26192 | Gauntlet | Found a transporter.
 26200 | Gauntlet | Found a transporter.
 26200 | Gauntlet | Found a transporter.
 26208 | Gauntlet | Found a transporter.
 26489 | Gauntlet | Got a fine turquoise ring
 26532 | Gauntlet | Got a faintly glowing platinum ring
 26806 | Orc:2    | Killed an orc warlord
 26807 | Orc:2    | Reached skill level 16 in Shields
 26913 | Orc:2    | Found Lusewach's General Store.
 26913 | Orc:2    | Found Miskog's Weapon Shoppe.
 26916 | Orc:2    | Found Holl's General Store.
 26918 | Orc:2    | Found Xyure's Weapon Emporium.
 27024 | Orc:2    | Bought a scroll of acquirement for 676 gold pieces
 27036 | Orc:2    | Bought a scroll of acquirement for 884 gold pieces
 27085 | Orc:2    | Reached XP level 16. HP: 155/155 MP: 5/15
 27351 | Orc:2    | Identified the ring of Ubyc {rElec rPois rC+} (You found it
                  | in a Gauntlet)
 27354 | Orc:2    | Identified the ring "Exiulona" {Will- rCorr Str+4 Int+4}
                  | (You found it in a Gauntlet)
 27363 | Orc:2    | Found Xovos's General Store.
 27370 | Orc:2    | Found Hioc's Assorted Antiques.
 27373 | Orc:2    | Found Hokera Hapu's General Store.
 27418 | Orc:2    | Found Daacudauff's Gadget Emporium.
 27468 | Orc:2    | Found Jofookha's General Store.
 27473 | Orc:2    | Found a staircase to the Elven Halls.
 27492 | Orc:2    | Found Holl's General Store.
 27492 | Orc:2    | Found Xyure's Weapon Emporium.
 27493 | Orc:2    | Found Lusewach's General Store.
 27496 | Orc:2    | Found Miskog's Weapon Shoppe.
 28079 | D:13     | Noticed Jorgrun
 28097 | D:13     | Killed Jorgrun
 28184 | D:13     | Got an encrusted great sword
 28190 | D:13     | Identified the +10 great sword "Plog" {venom, rPois} (You
                  | found it on level 13 of the Dungeon)
 28413 | D:13     | Killed Wemm's ghost
 29111 | D:14     | Reached skill level 17 in Shields
 29344 | D:14     | Received a gift from Trog
 30071 | D:15     | Entered Level 15 of the Dungeon
 30275 | D:15     | Found a staircase to the Depths.
 31574 | Snake:1  | Entered Level 1 of the Snake Pit
 31763 | Snake:1  | Reached skill level 18 in Shields
 31766 | Snake:1  | Found Hiaraj's Magic Scroll Emporium.
 31771 | Snake:1  | Reached skill level 10 in Armour
 31857 | Snake:1  | Acquired the amulet "Xuadwoi" {Spirit rElec rN+ Str-2}
 31858 | Snake:1  | Acquired 668 gold pieces
 31859 | Snake:1  | Acquired a +0 hat
 31941 | Snake:1  | Reached XP level 17. HP: 166/166 MP: 16/16
 32685 | Snake:2  | Found Piytelirph's Gadget Boutique.
 32688 | Snake:2  | Found Piabam's Distillery.
 32841 | Snake:2  | Noticed Kirke
 33597 | Snake:2  | Killed Kirke
 33939 | Snake:3  | Noticed Vashnia
 34007 | Snake:3  | Killed Vashnia
 34156 | Snake:3  | Reached skill level 19 in Shields
 34273 | Snake:3  | Found a shadowy altar of Dithmenos.
 35048 | Snake:3  | Noticed vinnietd's ghost (adept HaFi)
 35055 | Snake:3  | Found a transporter.
 35063 | Snake:3  | Found a transporter.
 35239 | Snake:3  | Received a gift from Trog
 35250 | Snake:3  | Killed vinnietd's ghost
 35316 | Snake:3  | Got a smoking bone ring
 35361 | Snake:3  | Identified the ring of Gosh {*Tele rC+} (You found it on
                  | level 3 of the Snake Pit)
 35382 | Snake:4  | Entered Level 4 of the Snake Pit
 35424 | Snake:4  | Found Itisoc's Antique Armour Emporium.
 35535 | Snake:4  | Found Wuonuty's Gadget Shoppe.
 35652 | Snake:4  | Noticed Aizul
 35676 | Snake:4  | Killed Aizul
 35997 | Snake:4  | Reached skill level 20 in Shields
 36339 | Snake:4  | Got a serpentine rune of Zot
 36830 | Snake:4  | Reached XP level 18. HP: 157/178 MP: 17/17
 37311 | Snake:4  | Received a gift from Trog
 37819 | Shoals:1 | Entered Level 1 of the Shoals
 37938 | Shoals:1 | Found Citiz's Antique Weapon Emporium.
 37960 | Shoals:1 | Reached skill level 21 in Shields
 38202 | Shoals:1 | Got a steaming trident
 38203 | Shoals:1 | Identified the +8 trident of Disgust {holy, rN+} (You found
                  | it on level 1 of the Shoals)
 38350 | Shoals:1 | Received a gift from Trog
 38546 | Shoals:1 | Got a transparent halberd {god gift}
 38552 | Shoals:1 | Identified the +4 halberd "Ywkeyss" {vorpal, rElec rN+
                  | Will+ Dex+2} (Trog gifted it to you on level 1 of the
                  | Shoals)
 40382 | Shoals:3 | HP: 2/180 [snapping turtle (8)]
 40389 | Shoals:3 | HP: 6/180 [manticore (5)]
 40389 | Shoals:3 | HP: 2/180 [snapping turtle (4)]
 40391 | Shoals:3 | Mangled by a snapping turtle

Illustrated notes

Levels and vault maps discovered:
D:1:      dpeg_arrival_tiny_h, layout_basic, minmay_split_cup_small
D:2:      layout_rooms, chequers_temple_overflow_statue_of_worship,
          tgw_kikubaaqudgha, uniq_sigmund
D:3:      layout_loops_corners, ebering_ghost_rock_garden,
          chequers_serial_rivers_marsh, lemuel_altar_in_water2
D:4:      layout_loops_ring, serial_shops, shop
D:5:      layout_loops_ring, minmay_temple_entry_mist,
          cheibrodos_sewer_entry_drain
D:6:      layout_rooms, kennysheep_mini_moat, gammafunk_temple_overflow_wave
D:7:      layout_basic, uniq_joseph
D:8:      gammafunk_cloud_chamber, layout_basic, uniq_harold
D:9:      layout_roguey, zombieorc2_lemuel, minmay_fountain_box,
          minmay_fractal_squares_diagonal_5, uniq_maurice
D:10:     layout_basic, grunt_lair_entry_orc_guard_hut, minmay_misc_feat_iff,
          glass_columns_a, st_stairs_4
D:11:     layout_loops_ring
D:12:     layout_rooms, gammafunk_ghost_abyssal_escape, dk_noncrumbling_4,
          kennysheep_donut, uniq_sonja
D:13:     minmay_isolated_rectangles_in_corner, layout_loops_ring,
          erik_vaults_1, basic_altar, gammafunk_ghost_door_vault, uniq_jorgrun
D:14:     kennysheep_four_of_diamonds, layout_long_grid
D:15:     grunt_enter_depths_snipers, layout_irregular_city, dk_noncrumbling_3,
          minmay_shattered_shrine
Lair:1:   beast_lair_carwin_large_2, layout_cave_pods, enter_volcano_2, pond,
          grunt_megastairs_3
Lair:2:   layout_regular_city, minmay_shoals_entry_beasts,
          gammafunk_ghost_necromancy, minivault_25, bobbens_dragon_lair_wall,
          serial_bayou_shore_b
Lair:3:   layout_long_grid, minmay_snake_entry_six_corridors, uniq_fannar
Lair:4:   regret_index_bee_streams, layout_loops_ring, grunt_megastairs_5,
          minmay_lair_oklob_chamber
Lair:5:   layout_gridlike, slime_altar_1, gammafunk_ghost_icy
Lair:6:   evilmike_catoblepas_cave, layout_regular_city, grunt_megastairs_1
Shoals:1: layout_shoals, serial_shops, shop, nicolae_shoals_wave_tunnel
Shoals:2: layout_shoals, hangedman_shoal_volcano
Shoals:3: layout_shoals, nicolae_shoals_siren_and_animal_friends
Snake:1:  layout_onion, serial_shops, shop_fountains, serial_bayou_shore_a
Snake:2:  layout_cave_shapes, minmay_shop_star, uniq_kirke
Snake:3:  layout_rooms, basic_altar, gammafunk_ghost_arena,
          guppyfry_library_mini, uniq_vashnia
Snake:4:  grunt_snake_rune_pools, layout_gridlike, st_stairs_13,
          minmay_shoptagon, uniq_aizul
Orc:1:    layout_caves, basic_altar, trog_butcher_becter
Orc:2:    st_orc_mages, layout_caves, gauntlet_entry_generic, serial_shops,
          shop, shop, shop, shop, nicolae_shop_overgrown_old_shop

Skill      XL: |  1  2  3  4  5  6  7  8  9 10 11 12 13 14 15 16 17 18 |
---------------+-------------------------------------------------------+-----
Fighting       | 4 5 6 7 8 9 10 12 14 15 17 18 19 20 | 20.6
Axes           | 5 6 8 9 11 13 | 13.4
Armour         | 3 5 7 8 9 10 11 12 | 12.6
Dodging        | 3 4 5 7 8 10 11 13 14 | 14.2
Shields        | 2 5 6 8 9 12 14 16 18 20 21 | 21.8
Polearms       | 2 9 11 | 11.6

Action                   |  1- 3 |  4- 6 |  7- 9 | 10-12 | 13-15 | 16-18 || total
-------------------------+-------+-------+-------+-------+-------+-------++-------
Melee: Hand axe          |    36 |   129 |   229 |    10 |       |       ||   404
       Headbutt          |     6 |    28 |    62 |   123 |   285 |   314 ||   818
       War axe           |       |       |       |   145 |       |       ||   145
       Demon trident     |       |       |       |   444 |  1383 |  1075 ||  2902
       Broad axe         |       |       |       |       |    34 |   478 ||   512
       Unarmed           |       |       |       |       |       |    15 ||    15
Invok: Berserk           |     2 |     6 |    12 |    14 |    40 |    16 ||    90
       Trog's Hand       |       |       |     4 |    12 |    34 |    19 ||    69
       Brothers in Arms  |       |       |       |     1 |     2 |     3 ||     6
  Use: Scroll            |       |       |     4 |    15 |    10 |    23 ||    52
 Stab: Sleeping          |       |     2 |       |       |       |       ||     2
       Distracted        |       |       |       |       |       |     2 ||     2
Armor: Animal skin       |     9 |    16 |       |       |       |       ||    25
       Ring mail         |       |    12 |       |     6 |       |       ||    18
       Plate armour      |       |     9 |    32 |       |       |       ||    41
       Troll leather arm |       |       |    39 |    61 |   228 |    46 ||   374
       Ice dragon scales |       |       |       |       |     3 |       ||     3
       Gold dragon scale |       |       |       |       |       |   252 ||   252
Dodge: Dodged            |    19 |    94 |   106 |   188 |   446 |   322 ||  1175
       Repelled          |       |       |       |       |     6 |    22 ||    28
Block: Kite shield       |       |       |    75 |   208 |   486 |       ||   769
       Tower shield      |       |       |       |       |   318 |  1674 ||  1992
       Reflection        |       |       |       |       |    16 |   203 ||   219
       Other             |       |       |       |       |       |     6 ||     6
